 Dungeon Crawl Stone Soup version 0.27-a0-1105-g946c659c87 (webtiles) character file.

Game seed: 11053406750205997633

59 kae the Covered (level 4, 0/37 HPs)
             Began as a Formicid Fighter on Apr 29, 2021.
             Slain by Ijyb
             ... wielding a +0 dagger
              (4 damage)
             ... on level 3 of the Dungeon.
             The game lasted 00:01:17 (1867 turns).

kae the Covered (Formicid Fighter)                  Turns: 1867, Time: 00:01:18

Health: 0/37       AC:  8    Str: 21    XL:     4   Next: 22%
Magic:  4/4        EV:  8    Int:  8    God:
Gold:   20         SH:  9    Dex: 10    Spells: 3/3 levels left

rFire    . . .     SeeInvis +   a - +1 long sword (freeze)
rCold    . . .     Faith    .   c - +0 kite shield
rNeg     . . .     Spirit   .   b - +1 scale mail
rPois    .         Reflect  .   (helmet unavailable)
rElec    .         Harm     .   (no cloak)
rCorr    .         Rampage  .   (no gloves)
Will     .....                  (no boots)
Stlth    ..........             (no amulet)
HPRegen  0.12/turn              (no ring)
MPRegen  0.09/turn              (no ring)

@: silenced (expiring)
A: permanent stasis, dig shafts and tunnels, antennae 3, four strong arms
a: Dig, Shaft Self


You were on level 3 of the Dungeon.
You visited 1 branch of the dungeon, and saw 3 of its levels.

You collected 86 gold pieces.
You spent 66 gold pieces at shops.

Inventory:

Hand Weapons
 a - a +1 long sword of freezing (weapon)
Armour
 b - a +1 scale mail (worn)
 c - a +0 kite shield (worn)
Scrolls
 g - 2 scrolls of identify
 i - a scroll of acquirement {unknown}
Potions
 d - a potion of might
 f - a potion of curing
 j - a potion of resistance {unknown}


   Skills:
 + Level 3.8 Fighting
 * Level 3.3 Long Blades
 + Level 3.8 Armour
 - Level 3.6 Shields


You had 3 spell levels left.
You didn't know any spells.
Your spell library was empty.

Dungeon Overview and Level Annotations

Branches:
Dungeon (3/15)

Altars:

Shops:
D:2 =*[!

Annotations:
D:3 Ijyb


Innate Abilities, Weirdness & Mutations

You cannot be hasted, slowed, berserked, paralysed or teleported.
You can dig through walls and to a lower floor.
You have a pair of large antennae on your head. (SInv)
Your four strong arms can wield two-handed weapons with a shield.


Message History

You block the puff of flame.
You hit Ijyb but do no damage.
Ijyb is heavily wounded.
The bat closely misses you. Ijyb hits you with a +0 dagger.
The bat hits you but does no damage.
You hit Ijyb. You freeze Ijyb.
Ijyb is severely wounded.
The bat barely misses you. You block Ijyb's attack.
Ijyb hits you with a +0 dagger.
You barely miss Ijyb.
Ijyb is severely wounded.
The bat hits you. The bat hits you but does no damage. You block Ijyb's attack.
You barely miss Ijyb.
Ijyb is severely wounded.
The bat barely misses you. Ijyb hits you with a +0 dagger. x2
You hit Ijyb but do no damage.
Ijyb is severely wounded.
The bat hits you but does no damage. x2; Ijyb zaps a wand.
The puff of flame hits you!
* * * LOW HITPOINT WARNING * * *
You hit Ijyb but do no damage.
Ijyb is severely wounded.
You block the bat's attack. You block Ijyb's attack.
You barely miss Ijyb.
Ijyb is severely wounded.
You block the bat's attack. Ijyb hits you but does no damage.
You block the bat's attack. Ijyb hits you but does no damage.
You closely miss Ijyb.
Ijyb is severely wounded.
The bat barely misses you. Ijyb completely misses you.
The bat hits you but does no damage.
You closely miss Ijyb.
Ijyb is severely wounded.
The bat hits you but does no damage.
Ijyb zaps a wand.
The puff of flame hits you.
* * * LOW HITPOINT WARNING * * *
You block the bat's attack.
A hobgoblin comes into view.
Ijyb hits you with a +0 dagger.
You die...

# #. # .# #..#.
#.# ##..#. #.#.#
......###.#.#
###.......#.###
......g.b.#..?#
g......@......####
......$...........
#########.....##
#...#####
#<........
#..#......
..........
##....##### .....#


You could see Ijyb, a hobgoblin (wandering) and a bat.

Vanquished Creatures
  2 adders (D:2)
  2 dart slugs (D:1)
  A worm (D:2)
  2 endoplasms
  A giant cockroach (D:1)
  4 goblins
  A hobgoblin (D:1)
  3 jackals (D:2)
  4 kobolds
  2 quokkas (D:1)
  3 ball pythons
  3 bats
  A frilled lizard (D:1)
  5 rats
34 creatures vanquished.

Notes
Turn   | Place    | Note
-------+----------+-------------------------------------------
     0 | D:1      | kae the Formicid Fighter began the quest for the Orb.
     0 | D:1      | Reached XP level 1. HP: 18/18 MP: 1/1
    36 | D:1      | Reached XP level 2. HP: 15/24 MP: 2/2
   620 | D:1      | Reached XP level 3. HP: 29/29 MP: 3/3
   765 | D:1      | Found a faded altar of an unknown god.
   964 | D:2      | Found Voledau's Armour Emporium.
  1072 | D:2      | Found Donoil's Jewellery Emporium.
  1228 | D:2      | Found Mieriwoa's Assorted Antiques.
  1244 | D:2      | Bought a scroll of identify for 44 gold pieces
  1244 | D:2      | Bought a scroll labelled NOSMAH LICZO for 22 gold pieces
  1373 | D:2      | Found Lemehara's Distillery.
  1473 | D:2      | Reached XP level 4. HP: 29/37 MP: 4/4
  1848 | D:3      | Noticed Ijyb
  1867 | D:3      | Slain by Ijyb

Illustrated notes

Levels and vault maps discovered:
D:1:      enne_arrival_octagon_isle, layout_rooms,
          chequers_ecumenical_altar_simple_redux
D:2:      layout_basic, serial_shops, shop, nicolae_shop_overgrown_old_shop,
          nicolae_shop_statue_plus, shop_statue, grunt_ministairs_11,
          corexii_hall_statues_t
D:3:      layout_basic, elyvilon_altar_1, trog_butcher_becter, uniq_ijyb

Skill      XL: |  1  2  3 |
---------------+----------+-----
Long Blades    | 3 |  3.3
Fighting       | |  3.8
Armour         | |  3.8
Shields        | |  3.6

Action                   |  1- 3 |  4- 6 || total
-------------------------+-------+-------++-------
Melee: Long sword        |    93 |    22 ||   115
  Use: Scroll            |     4 |     2 ||     6
Armor: Scale mail        |    52 |    15 ||    67
Dodge: Dodged            |    41 |     9 ||    50
Block: Kite shield       |    63 |    14 ||    77
       Rpst.: Long sword |    14 |       ||    14

Table legend: (Time is in decaauts)
 A = Elapsed time spent in this place.
 B = Non-inter-level travel time spent in this place.
 C = Inter-level travel time spent in this place.
 D = Time resting spent in this place.
 E = Time spent auto-exploring this place.
 F = Levels seen in this place.
 G = Mean time per level.
                   A        B        C        D        E       F      G
               +--------+--------+--------+--------+--------+-----+--------+
         Total |   1918 |   1891 |     27 |    100 |   1507 |   3 |  639.3 |
       Dungeon |   1918 |   1891 |     27 |    100 |   1507 |   3 |  639.3 |
               +--------+--------+--------+--------+--------+-----+--------+

Top non-repeatable levels by time:
     D:2: 1031 daAuts
     D:1: 856 daAuts
     D:3: 30 daAuts
